 Dungeon Crawl Stone Soup version 0.28.0-45-g0d030f2227 (webtiles) character file.

Game seed: 16638802666333364511

6391 Peloso the Carver (level 10, -11/90 HPs)
             Began as a Minotaur Fighter on Apr 4, 2022.
             Was a High Priest of Okawaru.
             Mangled by an orc warrior
             ... wielding a +0 hand axe of distortion
              (19 damage)
             ... on level 8 of the Dungeon.
             The game lasted 00:17:13 (9856 turns).

Peloso the Carver (Minotaur Fighter)                Turns: 9856, Time: 00:17:13

Health: -11/90     AC: 13    Str: 24    XL:     10   Next: 66%
Magic:  10/10      EV:  9    Int:  5    God:    Okawaru [*****.]
Gold:   202        SH:  5    Dex: 11    Spells: 9/9 levels left

rFire   . . .      SeeInvis .   b - +4 scimitar
rCold   . . .      Faith    .   c - +0 buckler
rNeg    . . .      Spirit   .   w - +0 chain mail
rPois   .          Reflect  .   (helmet restricted)
rElec   .          Harm     .   (no cloak)
rCorr   +          Rampage  .   (no gloves)
Will    .....                   m - +0 pair of boots
Stlth   ..........              (no amulet)
HPRegen 0.25/turn               o - ring of resist corrosion
MPRegen 0.12/turn               (no ring)

@: attractive
A: horns 2, retaliatory headbutt
a: Renounce Religion, Heroism, Finesse, Duel


You were on level 8 of the Dungeon.
You worshipped Okawaru.
Okawaru was extremely pleased with you.
You visited 2 branches of the dungeon, and saw 10 of its levels.

You collected 500 gold pieces.
You spent 298 gold pieces at shops.

Inventory:

Hand Weapons
 a - a +0 vorpal falchion
 b - a +4 scimitar (weapon)
Armour
 c - a +0 buckler (worn)
 m - a +0 pair of boots (worn)
 w - a +0 chain mail (worn)
Jewellery
 l - a +6 ring of intelligence
 o - a ring of resist corrosion (left hand)
 A - a ring of fire
 B - a +6 ring of intelligence
Wands
 p - a wand of flame (3)
 q - a wand of digging (8)
Scrolls
 d - a scroll of identify
 e - a scroll of holy word {unknown}
 f - 2 scrolls of vulnerability {unknown}
 h - 7 scrolls of teleportation
 n - 2 scrolls of noise {unknown}
 r - 2 scrolls of enchant weapon {unknown}
 u - a scroll of enchant armour {unknown}
 x - 2 scrolls of amnesia {unknown}
 y - a scroll of fog {unknown}
 C - a scroll of blinking {unknown}
Potions
 g - a potion of berserk rage
 i - a potion of flight {unknown}
 j - 3 potions of curing
 k - a potion of cancellation
 s - a potion of mutation
 t - 2 potions of attraction
 v - 2 potions of heal wounds {unknown}
 z - a potion of resistance {unknown}


   Skills:
 + Level 8.7 Fighting
 + Level 12.2 Long Blades
 + Level 10.1 Armour
 + Level 4.3 Dodging
 + Level 1.6 Stealth
 + Level 7.6 Shields
 + Level 1.3 Invocations


You had 9 spell levels left.
You didn't know any spells.
Your spell library contained the following spells:

 Spells                   Type           Power      Damage    Failure   Level
 Shock                    Conj/Air       0%         1d3       98%         1
 Swiftness                Air            0%         N/A       100%        3
 Airstrike                Air            0%         N/A       100%        4
 Summon Small Mammal      Summ           Unusable   N/A       N/A         1
 Call Canine Familiar     Summ           Unusable   N/A       N/A         3
 Summon Guardian Golem    Hex/Summ       Unusable   N/A       N/A         3

Dungeon Overview and Level Annotations

Branches:
Dungeon (9/15)             Temple (1/1) D:4
   Lair: D:8-11         Orc: D:9-12

Altars:
Cheibriados
Dithmenos
Elyvilon
Fedhas
Gozag
Hepliaklqana
Nemelex Xobeh
Okawaru
Qazlal
Sif Muna
Trog
Uskayaw
Wu Jian
Xom
Zin
Beogh

Shops:
D:1 =   D:2 *   D:7 **([

Annotations:
D:4 3 runed translucent doors, Ablot's ghost, novice GnWr; DearestLeader's ghost, amateur GnFi; Sobaton's ghost, novice MiFi


Innate Abilities, Weirdness & Mutations

You have a pair of horns on your head.
You reflexively headbutt those who attack you in melee.


Message History

a +0 flail; a +0 scale mail; an orc corpse You hit the orc priest.
Your headbutt misses the orc priest.
The orc priest is heavily wounded.
The orc warrior hits you with a +0 hand axe of distortion!
Space warps horribly around you! The orc priest hits you with a +0 whip.
You closely miss the orc priest.
The orc priest is heavily wounded.
The orc warrior completely misses you. You furiously retaliate!
You headbutt the orc warrior, but do no damage.
You barely miss the orc priest. You headbutt the orc priest!
The orc priest is almost dead.
You block the orc priest's attack. The orc warrior barely misses you.
You furiously retaliate!
You headbutt the orc warrior!
You hit the orc priest but do no damage.
You headbutt the orc priest, but do no damage.
The orc priest is almost dead.
The orc priest mumbles some strange prayers to Beogh against you.
Pain shoots through your body!
You slash the orc priest!
You kill the orc priest!
Okawaru accepts your kill. The orc warrior barely misses you.
Unknown command.
You barely miss the orc warrior.
The orc warrior is moderately wounded.
The orc warrior hits you but does no damage.
Space warps horribly around you!
* * * LOW HITPOINT WARNING * * *
You hit the orc warrior but do no damage.
You headbutt the orc warrior, but do no damage.
The orc warrior is moderately wounded.
The orc warrior hits you with a +0 hand axe of distortion!
* * * LOW HITPOINT WARNING * * *
Space warps around you.
* * * LOW HITPOINT WARNING * * *
It was a potion of attraction.
You feel attractive to monsters.
The orc warrior hits you but does no damage.
Space warps horribly around you!!
You die...

.....# .....# #.....##.
..# .....# #........
..# .....#
#...........# +#####
+....... ...# #.....#
....# #.....##....#
#...........#
#+#########.....@)....#
....##.........).o....#
....#.................#
....'.................#
....#.................#
....#...........$.....#
....##...##.....##....#
....##...######## ....#
....#........... ....#


You could see an orc warrior.

Vanquished Creatures
  Harold (D:8)
  A two-headed ogre (D:9)
  A hornet (D:9)
  5 yaks (D:9)
  A shadow (D:9)
  A wraith (D:9)
  2 steam dragons
  2 water moccasins
  5 orc warriors
  2 black bears (D:7)
  2 ice beasts
  5 ogres
  6 centaurs
  4 phantoms
  2 kobold brigands
  2 wyvern zombies
  A bullfrog (D:8)
  A scorpion (D:5)
  A wyvern skeleton (D:7)
  A water moccasin zombie (D:5)
  3 wights
  A howler monkey (D:5)
  A centaur zombie (D:8)
  3 hounds
  3 jellies
  4 orc priests
  2 bullfrog skeletons
  A centaur skeleton (D:7)
  Ijyb (D:4)
  2 iguanas
  2 orc wizards
  A howler monkey zombie (D:9)
  10 gnolls
  5 adders
  A white imp (D:7)
  An ufetubus (D:5)
  An adder skeleton (D:4)
  A worm (D:3)
  A dart slug (D:1)
  38 orcs
  4 bats
  6 endoplasms
  4 giant cockroaches
  3 goblins
  7 hobgoblins
  3 quokkas
  6 ball pythons
  A frilled lizard (D:3)
  13 kobolds
  5 rats
  A spectral hobgoblin (D:7)
181 creatures vanquished.

Vanquished Creatures (others)
  An orc wizard (D:7)
1 creature vanquished.

Grand Total: 182 creatures vanquished

Notes
Turn   | Place    | Note
-------+----------+-------------------------------------------
     0 | D:1      | Peloso the Minotaur Fighter began the quest for the Orb.
     0 | D:1      | Reached XP level 1. HP: 19/19 MP: 0/0
   212 | D:1      | Reached XP level 2. HP: 27/27 MP: 1/1
   333 | D:1      | Found Ulif's Jewellery Emporium.
   992 | D:2      | Found a faded altar of an unknown god.
  1015 | D:2      | Reached XP level 3. HP: 29/33 MP: 2/2
  1341 | D:2      | Found Noronnyewk's General Store.
  1350 | D:2      | Bought a scroll of identify for 20 gold pieces
  1350 | D:2      | Bought a scroll of teleportation for 30 gold pieces
  1350 | D:2      | Bought a scroll of identify for 20 gold pieces
  1552 | D:3      | Noticed a phantom
  1570 | D:3      | HP: 1/33 [phantom (6)]
  1573 | D:3      | Killed a phantom
  1574 | D:3      | Reached skill level 3 in Long Blades
  1574 | D:3      | Reached skill level 1 in Dodging
  1574 | D:3      | Reached XP level 4. HP: 14/40 MP: 3/3
  1940 | D:2      | Reached skill level 5 in Armour
  2242 | D:3      | Reached XP level 5. HP: 38/46 MP: 4/4
  2334 | D:3      | Found a glowing silver altar of Zin.
  2394 | D:3      | Found a snail-covered altar of Cheibriados.
  2810 | D:3      | Found a sparkling altar of Nemelex Xobeh.
  2911 | D:4      | Reached skill level 4 in Long Blades
  2947 | D:4      | Identified the +0 pair of gloves of the Evening Star {MP+9
                  | Str-4 Dex+8 Stlth-}
  3001 | D:4      | Noticed Ijyb
  3009 | D:4      | Killed Ijyb
  3077 | D:3      | Reached XP level 6. HP: 22/53 MP: 5/5
  3402 | D:4      | Found a staircase to the Ecumenical Temple.
  3418 | Temple   | Entered the Ecumenical Temple
  3489 | Temple   | Became a worshipper of Warmaster Okawaru
  3748 | D:4      | Found a runed translucent gate.
  3748 | D:4      | Found a runed translucent gate.
  3748 | D:4      | Found a runed translucent gate.
  3752 | D:4      | Noticed Sobaton's ghost (novice MiFi)
  3752 | D:4      | Noticed DearestLeader's ghost (amateur GnFi)
  3752 | D:4      | Noticed Ablot's ghost (novice GnWr)
  3811 | D:5      | Entered Level 5 of the Dungeon
  3866 | D:5      | Reached skill level 5 in Long Blades
  4016 | D:5      | Noticed an ice beast
  4025 | D:5      | Reached XP level 7. HP: 57/60 MP: 6/6
  4030 | D:5      | Reached skill level 5 in Fighting
  4030 | D:5      | Reached skill level 6 in Long Blades
  4057 | D:5      | Reached * piety under Okawaru
  4192 | D:5      | Reached skill level 7 in Long Blades
  4338 | D:5      | Reached skill level 5 in Shields
  4678 | D:5      | Reached XP level 8. HP: 69/70 MP: 7/7
  5116 | D:6      | Found a bloodstained altar of Trog.
  5144 | D:6      | You fall into a shaft and drop 2 floors!
  5144 | D:8      | Noticed Harold
  5156 | D:8      | Killed Harold
  5156 | D:8      | Reached ** piety under Okawaru
  5157 | D:8      | Reached skill level 9 in Long Blades
  5471 | D:8      | Reached skill level 1 in Stealth
  5471 | D:8      | Reached skill level 1 in Invocations
  5721 | D:7      | Reached XP level 9. HP: 78/78 MP: 8/8
  5840 | D:7      | Found Etuyc's Antique Armour Emporium.
  5947 | D:7      | Bought a masterwork buckler for 228 gold pieces
  5947 | D:7      | Identified the +2 buckler of the Blind Marksman {Harm rElec
                  | Int+5 Dex-2} (You bought it in a shop on level 7 of the
                  | Dungeon)
  6061 | D:7      | Reached skill level 10 in Long Blades
  6134 | D:7      | Reached *** piety under Okawaru
  6170 | D:7      | Found Ironyecest's Antique Weapon Shoppe.
  6373 | D:7      | Reached skill level 11 in Long Blades
  6642 | D:7      | Found Cuoc's General Store.
  6689 | D:7      | Found a hazy altar of Hepliaklqana.
  6945 | D:7      | Found Niucenem's Assorted Antiques.
  7512 | D:9      | Reached **** piety under Okawaru
  7586 | D:9      | Found an iron altar of Okawaru.
  7680 | D:9      | Paralysed by a hornet for 3 turns
  7682 | D:9      | HP: 2/79 [hornet (8)]
  7686 | D:9      | Reached XP level 10. HP: 13/86 MP: 7/9
  8000 | D:9      | Noticed a two-headed ogre
  8005 | D:9      | Killed a two-headed ogre
  8307 | D:9      | Found a white marble altar of Elyvilon.
  8503 | D:9      | Reached skill level 10 in Armour
  9152 | D:8      | Reached skill level 12 in Long Blades
  9497 | D:8      | Found a hide-covered altar of Uskayaw.
  9521 | D:8      | Identified the +7 chain mail "Zyketaymn" {Harm Regen+}
  9739 | D:8      | Reached ***** piety under Okawaru
  9856 | D:8      | Mangled by an orc warrior

Illustrated notes

Levels and vault maps discovered:
D:1:      minmay_arrival_nine_rooms, layout_rooms, serial_shops,
          nicolae_shop_crystal
D:2:      layout_rooms, shapermc_ecumenical_altar_venn, serial_shops,
          nicolae_shop_waterfront, skrybe_limestone_x
D:3:      layout_rooms, slow_altar_2, nemelex_diamond_rough_becter,
          zin_scriptorium
D:4:      layout_cave_pools, minmay_temple_entry_glassed_door,
          gammafunk_ghost_cemetery, uniq_ijyb
D:5:      layout_loops_cross, minmay_bent
D:6:      layout_cave_pools, lemuel_round_altar
D:7:      layout_rooms, nicolae_hepliaklqana_monster_ancestors, serial_shops,
          nicolae_shop_waterfront, shop, nicolae_square_shop,
          nicolae_shop_behind_doors
D:8:      layout_gridville, mainiacjoe_overflow_brackets, uniq_harold
D:9:      layout_gridville, special_room [special_room_orc],
          hangedman_feature_mirror
Temple:   eino_temple_water

Skill      XL: |  1  2  3  4  5  6  7  8  9 10 |
---------------+-------------------------------+-----
Armour         | 4 5 6 7 8 10 | 10.1
Shields        | 4 5 6 7 |  7.6
Fighting       | 4 5 6 7 8 |  8.7
Long Blades    | 3 4 5 7 9 11 12 | 12.2
Dodging        | 1 2 3 4 |  4.3
Stealth        | 1 |  1.6
Invocations    | 1 |  1.3

Action                   |  1- 3 |  4- 6 |  7- 9 | 10-12 || total
-------------------------+-------+-------+-------+-------++-------
Melee: Long sword        |    61 |   113 |    50 |       ||   224
       Headbutt          |     9 |    16 |    42 |    24 ||    91
       Falchion          |       |       |   141 |       ||   141
       Scimitar          |       |       |    42 |   131 ||   173
Invok: Heroism           |       |       |     6 |     1 ||     7
  Use: Potion            |     1 |       |     4 |     1 ||     6
       Scroll            |       |       |     5 |       ||     5
Armor: Scale mail        |    31 |    46 |    15 |       ||    92
       Chain mail        |       |       |   107 |    45 ||   152
Dodge: Dodged            |    28 |    64 |   102 |    34 ||   228
Block: Buckler           |    13 |    28 |    71 |    32 ||   144
